AoeStats
← Descenter

Glade

510296334Analyzed
1v1 RM · 2d ago on Sep 30, 2026· 77m 15s· 2 players
Game mode
Random Map
Map size
Tiny (2 player)
Population
200
Speed
Normal
Resources
Standard
Victory
Conquest
Starting age
Dark Age
Ending age
Imperial Age
RankedLock teamsTeams togetherTeam positionsShared explorationLock speedFull tech treeHidden civsTurbo modeCheats
Victory
Defeat
🇦🇷 Maya · Argentina
755
+13
🇨🇳 Byzantines · China
699
-13
Descenter
10:42 Feudal Age
15:26 Fletching
19:08 Castle Age
17:38 Double-Bit Axe
18:21 Horse Collar
23:43 Forging
23:32 Bodkin Arrow
27:49 Scale Mail Armor
29:12 Crossbowman
32:17 Thumb Ring
35:03 Imperial Age
34:53 Wheelbarrow
36:01 Iron Casting
38:01 Padded Archer Armor
39:34 Heavy Plow
39:58 Bow Saw
41:06 Bracer
41:24 Leather Archer Armor
41:46 Thumb Ring
43:06 Conscription
44:18 Chemistry
44:34 Squires
45:18 Arbalester
50:59 Capped Ram
53:26 Elite Skirmisher
55:56 Ring Archer Armor
55:48 Hand Cart
55:40 Siege Ram
56:50 Loom
60:03 Chain Mail Armor
The_Duck
12:45 Feudal Age
13:34 Double-Bit Axe
19:13 Castle Age
18:36 Fletching
18:56 Forging
20:29 Bow Saw
20:08 Eagle Warrior
20:53 Elite Skirmisher
23:18 Crossbowman
24:08 Scale Mail Armor
24:09 Padded Archer Armor
26:26 Murder Holes
27:00 Ballistics
28:12 Gold Mining
28:22 Stone Mining
29:37 Bodkin Arrow
30:17 Iron Casting
34:32 Imperial Age
32:20 Town Watch
32:55 Leather Archer Armor
32:56 Chain Mail Armor
34:08 Stone Shaft Mining
33:55 Hul'che Javelineers
35:03 Man-at-Arms
37:58 Elite Eagle Warrior
42:22 Chemistry
43:39 Bracer
44:40 Blast Furnace
45:08 Heavy Scorpion
48:27 Holcans
47:53 Long Swordsman
51:10 Two-Handed Swordsman
51:16 Elite Plumed Archer
57:03 Chain Mail Armor
56:34 Horse Collar
65:34 Two-Man Saw
65:16 Ring Archer Armor
65:16 Plate Mail Armor
Connection lost

Rejoining the realm…

Still unreachable

The connection could not be restored.

Session expired

The server has moved on; the page needs a fresh start.